 Dungeon Crawl Stone Soup version 0.27-a0-1579-g97d2440184 (webtiles) character file.

Game seed: 9550556652447944018

6896 avis the Grappler (level 11, -12/86 HPs)
             Began as an Octopode Transmuter on July 15, 2021.
             Was an Initiate of Gozag.
             Mangled by a gargoyle (20 damage)
             ... in a Gauntlet on July 17, 2021.
             The game lasted 01:19:26 (12514 turns).

avis the Grappler (Octopode Transmuter)            Turns: 12514, Time: 01:19:26

Health: -12/86     AC:  7    Str: 19    XL:     11   Next: 6%
Magic:  18/18      EV: 11    Int: 16    God:    Gozag
Gold:   689        SH:  0    Dex: 12    Spells: 3/20 levels left

rFire    . . .     SeeInvis .     - Unarmed
rCold    + + +     Faith    .   (shield currently unavailable)
rNeg     . . .     Spirit   .   (helmet currently unavailable)
rPois    +         Reflect  +   C - amulet of reflection
rElec    .         Harm     .   F - +6 ring of strength
rCorr    .         Rampage  .   y - ring of protection from fire
Will     .....     NoTele   +   E - ring of poison resistance
Stlth    +.........             (no ring)
HPRegen  0.24/turn              (no ring)
MPRegen  0.16/turn              (no ring)
                                (no ring)
                                (no ring)

@: confused, ice-form, ambrosia-drunk, gold aura
A: freezing attack, boosted hp, almost no armour, amphibious, 8 rings, large,
(camouflage 1), (gelatinous body 1), (nimble swimmer 1), (tentacles)
a: End Transformation, Renounce Religion, Potion Petition, Call Merchant, Bribe
Branch


You were in a Gauntlet.
You worshipped Gozag.
Gozag was pleased with you.
You were a creature of crystalline ice.
You visited 3 branches of the dungeon, and saw 10 of its levels.
You also visited: Gauntlet.

You collected 1204 gold pieces.
You spent 390 gold pieces at shops.
You paid 125 gold pieces to Gozag.

Inventory:

Hand Weapons
 a - the +9 war axe "Ogre's Demise" (melded) {flame, MP+9}
   (You found it on level 5 of the Dungeon)

   It burns those it strikes, dealing additional fire damage.
   Big, fiery blades are also staple armaments of hydra-hunters.
   MP:        It affects your magic capacity (+9).
 b - a +0 fustibalus
Missiles
 d - 5 boomerangs (quivered)
 g - 205 stones
 h - 82 poisoned darts
 i - 2 curare-tipped darts
 k - 14 bolts
 n - 25 sling bullets
 x - 22 arrows
Armour
 I - a +0 buckler of cold resistance (melded)
Jewellery
 y - a ring of protection from fire (right front paw)
 C - an amulet of reflection (around neck)
 E - a ring of poison resistance (on tentacle)
 F - a +6 ring of strength (left front paw)
Wands
 j - a wand of acid (23)
 t - a wand of iceblast (8)
 w - a wand of flame (21)
 G - a wand of mindburst (15)
Scrolls
 e - 3 scrolls of teleportation
 m - a scroll of fog {unknown}
 o - 2 scrolls of silence
 p - a scroll of enchant weapon {unknown}
 q - a scroll of summoning {unknown}
 r - 2 scrolls of immolation {unknown}
 s - a scroll of holy word {unknown}
 H - 2 scrolls of magic mapping
Potions
 c - 2 potions of brilliance
 l - a potion of invisibility {unknown}
 u - 3 potions of might
 z - a potion of cancellation
 A - 2 potions of ambrosia
 B - 3 potions of haste {unknown}
 D - a potion of berserk rage {unknown}


   Skills:
 - Level 6.0 Fighting
 - Level 5.0 Dodging
 - Level 2.0 Stealth
 - Level 4.0 Shields
 - Level 11.0 Unarmed Combat
 - Level 5.0 Spellcasting
 - Level 2.0 Translocations
 * Level 7.1 Transmutations
 - Level 2.0 Ice Magic
 - Level 2.0 Poison Magic


You had 3 spell levels left.
You knew the following spells:

 Your Spells              Type           Power      Damage    Failure   Level
a - Beastly Appendage     Tmut           52%        N/A       1%          1
b - Blink                 Tloc           N/A        N/A       10%         2
p - Spider Form           Tmut/Pois      9%         N/A       7%          3
q - Ice Form              Ice/Tmut       18%        N/A       24%         4
D - Dragon Form           Tmut           13%        N/A       100%        7

Your spell library contained the following spells:

 Spells                   Type           Power      Damage    Failure   Level
 Wereblood                Tmut           26%        N/A       1%          2
 Corona                   Hex            4%         N/A       16%         1
 Magic Dart               Conj           16%        1d3       16%         1
 Ensorcelled Hibernation  Hex/Ice        14%        N/A       16%         2
 Call Imp                 Summ           4%         N/A       22%         2
 Corpse Rot               Necr/Air       N/A        N/A       22%         2
 Mephitic Cloud           Conj/Pois/Air  6%         N/A       34%         3
 Tukima's Dance           Hex            4%         N/A       41%         3
 Blade Hands              Tmut           13%        N/A       22%         5
 Passage of Golubria      Tloc           N/A        N/A       54%         4
 Irradiate                Conj/Tmut      7%         3d15      69%         5
 Dispel Undead            Necr           4%         3d7       83%         4
 Manifold Assault         Tloc           10%        N/A       88%         5
 Silence                  Hex/Air        2%         N/A       99%         5
 Death Channel            Necr           2%         N/A       100%        6
 Storm Form               Tmut/Air       7%         N/A       100%        7
 Lehudib's Crystal Spear  Conj/Erth      2%         10d2      100%        8


Dungeon Overview and Level Annotations

Branches:
Dungeon (8/15)             Temple (1/1) D:6            Lair (1/6) D:8
Gauntlet (1/1)

Altars:
Ashenzari
Cheibriados
Dithmenos
Fedhas
Gozag
Hepliaklqana
Kikubaaqudgha
Makhleb
Nemelex Xobeh
Okawaru
Qazlal
Ru
Sif Muna
Trog
Uskayaw
Vehumet
Wu Jian
Xom
Yredelemnul
Zin
The Shining One

Shops:
D:5 [   D:7 ?*[[

Annotations:
D:3 1 runed translucent door, Crazy Yiuf Gauntlet 9 transporters


Innate Abilities, Weirdness & Mutations

You are a creature of crystalline ice.
You have a powerful freezing melee attack.
Your maximum health is increased.
Your armour is entirely melded.
You are incapable of wielding weapons or throwing items.
You cannot wear most types of armour.
You are amphibious.
You can wear up to eight rings at the same time.
((Your skin changes colour to match your surroundings (Stealth+).))
((Your rubbery body absorbs attacks. (AC +1, EV +1)))
((You are camouflaged near water. (Stealth+)))
((You have tentacles for arms and can constrict up to eight enemies at once.))


Message History

You hit the catoblepas.
The catoblepas looks as sick as possible!
The catoblepas is almost dead.
The catoblepas completely misses you.
You bite the catoblepas!
You kill the catoblepas!
Training target 5.0 for Spellcasting reached!
Your Spellcasting skill increases to level 5!
You need to enable at least one skill for training.
Your Transmutations skill increases to level 7!
You have reached level 11!
You hit the gargoyle but do no damage. The gargoyle closely misses you.
You hit the gargoyle but do no damage. You bite the gargoyle!
The gargoyle is moderately damaged.
Your transformation has ended.
The +9 war axe "Ogre's Demise" {flame, MP+9} unmelds from your body.
Your +0 buckler of cold resistance unmelds from your body.
The +9 war axe "Ogre's Demise" {flame, MP+9} bursts into flame!
You feel resistant to cold.
The gargoyle hurls a stone arrow at you.
The stone arrow hits you!!
* * * LOW HITPOINT WARNING * * *
The catoblepas is distracted by your dazzling golden aura.
Casting: Spider Form (dangerous; 7% risk of failure)
Confirm with . or Enter, or press ? or * to list all spells.
You turn into a creature of crystalline ice.
The +9 war axe "Ogre's Demise" {flame, MP+9} melds into your body.
Your +0 buckler of cold resistance melds into your body.
The +9 war axe "Ogre's Demise" {flame, MP+9} stops flaming.
You feel less resistant to cold.
The catoblepas bellows!
The gargoyle hits you with a +0 mace!
* * * LOW HITPOINT WARNING * * *
You feel better. The gargoyle hits you with a +0 mace!
* * * LOW HITPOINT WARNING * * *
You are confused.
You feel invigorated. The gargoyle hits you with a +0 mace!!
You die...
Your body crumbles into a pile of gold.

....^.#...#...#.#...#..#8#
#.#^#^#...#..#...#..#..###
.#.#^.#...#.##...##.#..#
#^#.#.#...##..#.#..##..###
.©.#..#...#....©....#..#8#
#.#.#.#...##..#.#9.##..###
^#^#..#...#.#######.#..#
#.#^#.#...#..#...#..#..###
=©.?W.#...#..:.©Y9..#..#8#
#######...###########..###
.©.#....§....#.©.#.....#
...#...≈8§...#...#.8...###
.©.#...§≈....#.©.#.....#8#
#######...###########..###
......#...#....9Y9..#..#
......#...#.....9...#..###
#####.#...#..#...#..#..#8#


You could see a catoblepas, a molten gargoyle and 3 gargoyles.

Vanquished Creatures
  A catoblepas (Gauntlet)
  A kobold demonologist (D:7)
  Grinder (D:5)
  6 yaks
  A wyvern (D:8)
  3 basilisks
  2 large abominations (Gauntlet)
  4 small abominations (Gauntlet)
  Duvessa (D:7)
  Edmund (D:4)
  4 water moccasins
  Purgy (D:3)
  2 black bears
  4 sky beasts
  2 ice beasts
  A centaur (D:8)
  2 phantoms
  8 kobold brigands
  2 scorpions
  A bullfrog (D:7)
  A water moccasin zombie (D:5)
  Dowan (D:7)
  9 wights (D:8)
  A howler monkey (D:8)
  A bullfrog zombie (D:5)
  2 hounds (D:4)
  A jelly (D:7)
  An orc priest (D:8)
  5 iguanas
  Terence (D:2)
  6 orc wizards
  2 hound skeletons (D:4)
  A howler monkey zombie (D:6)
  7 gnolls (D:2)
  11 adders
  A white imp (D:7)
  2 ufetubi (D:5)
  2 dart slugs
  15 orcs
  9 bats
  3 endoplasms
  4 giant cockroaches
  8 goblins
  4 hobgoblins
  8 jackals
  4 quokkas
  4 ball pythons
  A frilled lizard (D:2)
  16 kobolds
  9 rats (D:1)
188 creatures vanquished.

Vanquished Creatures (others)
  2 bushes (D:8)
  11 fungi
  37 plants
50 creatures vanquished.

Grand Total: 238 creatures vanquished

Notes
Turn   | Place    | Note
-------+----------+-------------------------------------------
     0 | D:1      | avis the Octopode Transmuter began the quest for the Orb.
     0 | D:1      | Reached XP level 1. HP: 13/13 MP: 3/3
    37 | D:1      | Reached skill level 1 in Stealth
   186 | D:1      | Found a faded altar of an unknown god.
   229 | D:1      | Reached XP level 2. HP: 16/19 MP: 3/5
   544 | D:1      | Reached skill level 1 in Poison Magic
   545 | D:1      | Reached XP level 3. HP: 16/24 MP: 6/6
   549 | D:1      | Learned a level 3 spell: Spider Form
  1686 | D:2      | Noticed Terence
  1692 | D:2      | Killed Terence
  1693 | D:2      | Reached XP level 4. HP: 29/29 MP: 7/7
  1800 | D:2      | Reached skill level 4 in Unarmed Combat
  1939 | D:2      | Reached XP level 5. HP: 36/36 MP: 5/8
  2827 | D:3      | Noticed Purgy
  2848 | D:3      | Killed Purgy
  2849 | D:3      | Reached XP level 6. HP: 7/42 MP: 9/9
  3261 | D:3      | Reached skill level 5 in Unarmed Combat
  4086 | D:3      | Found a runed translucent door.
  4087 | D:3      | Noticed Crazy Yiuf
  4428 | D:4      | Found an iron altar of Okawaru.
  4441 | D:4      | Noticed Edmund
  5105 | D:4      | Noticed a water moccasin
  5118 | D:4      | Killed a water moccasin
  5119 | D:4      | Reached XP level 7. HP: 44/48 MP: 10/10
  5155 | D:4      | Found a sparkling altar of Nemelex Xobeh.
  5244 | D:4      | Learned a level 4 spell: Ice Form
  5381 | D:4      | Reached skill level 6 in Unarmed Combat
  5757 | D:4      | Killed Edmund
  5867 | D:5      | Entered Level 5 of the Dungeon
  5930 | D:5      | Noticed Grinder
  5941 | D:4      | Reached skill level 7 in Unarmed Combat
  5941 | D:4      | Reached XP level 8. HP: 45/54 MP: 11/11
  6017 | D:5      | Killed Grinder
  6018 | D:5      | Reached skill level 5 in Fighting
  6543 | D:5      | Reached skill level 5 in Dodging
  6543 | D:5      | Reached skill level 1 in Ice Magic
  6804 | D:5      | Found Iczoas's Armour Emporium.
  7114 | D:5      | Identified the +9 war axe "Ogre's Demise" {flame, MP+9}
  7169 | D:5      | Upgraded the game from 0.27-a0-1555-g0e7b3fb1d2 to
                  | 0.27-a0-1557-g57f10a385c
  7228 | D:6      | Found a staircase to the Ecumenical Temple.
  7299 | Temple   | Entered the Ecumenical Temple
  7467 | Temple   | Became a worshipper of Gozag Ym Sagoz the Greedy
  7712 | D:6      | Reached XP level 9. HP: 44/61 MP: 15/15
  7715 | D:6      | Learned a level 2 spell: Blink
  7866 | D:6      | Found a sacrificial altar of Ru.
  7915 | D:6      | Reached skill level 5 in Transmutations
  8091 | D:6      | Found an ornate altar of the Wu Jian Council.
  8291 | D:7      | Found Duac's Armour Shop.
  8316 | D:7      | Found a basalt altar of Yredelemnul.
  8343 | D:7      | Found Kepraiv's Magic Scroll Shop.
  8360 | D:7      | Bought a scroll of identify for 20 gold pieces
  8360 | D:7      | Bought a scroll of noise for 10 gold pieces
  8360 | D:7      | Bought a scroll of teleportation for 30 gold pieces
  8360 | D:7      | Bought a scroll of silence for 75 gold pieces
  8447 | D:7      | Noticed Dowan
  8450 | D:7      | Noticed Duvessa
  8455 | D:7      | Killed Dowan
  8458 | D:7      | Killed Duvessa
  8731 | D:7      | Found Jooxusch's Assorted Antiques.
  8743 | D:7      | Reached skill level 8 in Unarmed Combat
  8862 | D:7      | Found Acooxome's Antique Armour Shop.
  9161 | D:7      | Bought an encrusted coral ring for 140 gold pieces
  9217 | D:5      | Bought a +0 buckler of cold resistance for 115 gold pieces
  9302 | D:8      | Found a broken altar of Ashenzari.
  9455 | D:8      | Noticed a kobold demonologist
  9626 | D:7      | Killed a kobold demonologist
  9627 | D:7      | Reached skill level 9 in Unarmed Combat
  9752 | D:8      | Reached XP level 10. HP: 58/66 MP: 16/16
 10401 | D:8      | Reached skill level 10 in Unarmed Combat
 10651 | D:7      | Reached skill level 1 in Translocations
 10866 | D:7      | Learned a level 7 spell: Dragon Form
 11519 | D:8      | Found a staircase to the Lair.
 11587 | D:8      | Found a hazy altar of Hepliaklqana.
 11604 | D:8      | Found a glowing silver altar of Zin.
 11862 | D:8      | Found a glowing golden altar of the Shining One.
 11869 | D:8      | Upgraded the game from 0.27-a0-1557-g57f10a385c to
                  | 0.27-a0-1579-g97d2440184
 11943 | Lair:1   | Entered Level 1 of the Lair of Beasts
 11975 | Lair:1   | Found a gate leading to a gauntlet.
 11995 | Gauntlet | Entered a Gauntlet
 11995 | Gauntlet | Noticed a wizard
 11995 | Gauntlet | Found a transporter.
 11995 | Gauntlet | Found a transporter.
 12011 | Gauntlet | Found a transporter.
 12015 | Gauntlet | Found a transporter.
 12021 | Gauntlet | Noticed a catoblepas
 12033 | Gauntlet | Found a transporter.
 12034 | Gauntlet | Found a transporter.
 12035 | Gauntlet | Noticed a molten gargoyle
 12036 | Gauntlet | Noticed a gargoyle
 12041 | Gauntlet | Noticed a gargoyle
 12043 | Gauntlet | Noticed a gargoyle
 12047 | Gauntlet | Found a transporter.
 12056 | Gauntlet | Noticed a catoblepas
 12068 | Gauntlet | Noticed a moth of wrath
 12086 | Gauntlet | Found a transporter.
 12086 | Gauntlet | Found a transporter.
 12099 | Gauntlet | Found a transporter.
 12139 | Gauntlet | Found a transporter.
 12143 | Gauntlet | Found a transporter.
 12236 | Gauntlet | Reached skill level 11 in Unarmed Combat
 12508 | Gauntlet | Killed a catoblepas
 12509 | Gauntlet | Reached skill level 5 in Spellcasting
 12509 | Gauntlet | Reached XP level 11. HP: 34/72 MP: 18/18
 12512 | Gauntlet | HP: 4/86 [gargoyle (12)]
 12514 | Gauntlet | Mangled by a gargoyle

Illustrated notes

Levels and vault maps discovered:
D:1:      dpeg_arrival_ratfight, layout_loops_ring,
          ebering_ecumenical_altar_sacrificial, minmay_misc_feat_room,
          minmay_pentomino_t4
D:2:      minmay_skewed_foursquare, layout_loops_ring, uniq_terence
D:3:      layout_basic, uniq_crazy_yiuf_cottage, uniq_purgy
D:4:      layout_cave_pods, nemelex_diamond_rough_becter, okawaru_gym_becter,
          serial_column_ruins, column_ruins_hut_pillars,
          column_ruins_hut_ruined, column_ruins_grid_3, column_ruins_grid_3,
          column_ruins_open_tiny, column_ruins_columns_straight,
          serial_park_tiny_1, uniq_edmund
D:5:      layout_cave_pods, serial_shops, shop_coins, uniq_grinder
D:6:      layout_rooms, nzn_wu_jian_contemplation,
          nicolae_ru_the_path_less_chosen, minmay_temple_entry_offerings,
          kennysheep_generic_room_5
D:7:      layout_gridville, mainiacjoe_overflow_six_doors_small, serial_shops,
          nicolae_diamond_shop, shop, shop, shop_scrolls, uniq_duvessa
D:8:      layout_cave_pools, nicolae_tso_swordbearing_angel,
          nicolae_ashenzari_skybound, mainiacjoe_overflow_catwalk_spiral,
          minmay_lair_entry_grove, special_room [special_room_kobold]
Temple:   minmay_temple_bridge_abc
Lair:1:   wander_river, layout_regular_city, gauntlet_entry_generic,
          grunt_forest_stairs_basic
Gauntlet: gammafunk_gauntlet_hard_choice [gammafunk_gauntlet_arena_crates,
          nicolae_gauntlet_arena_x, gammafunk_gauntlet_arena_chambers,
          gammafunk_gauntlet_arena_grid, gammafunk_gauntlet_arena_hedges,
          gammafunk_gauntlet_arena_teeth, gauntlet_exit_hidden_loot]

Skill      XL: |  1  2  3  4  5  6  7  8  9 10 |
---------------+-------------------------------+-----
Stealth        | 1 2 |  2.0
Fighting       | 2 3 4 5 6 |  6.0
Poison Magic   | 1 2 |  2.0
Unarmed Combat | 4 5 7 9 11 | 11.0
Transmutations | 3 4 5 7 |  7.1
Dodging        | 3 5 |  5.0
Ice Magic      | 2 |  2.0
Spellcasting   | 4 5 |  5.0
Shields        | 4 |  4.0
Translocations | 2 |  2.0

Action                   |  1- 3 |  4- 6 |  7- 9 | 10-12 || total
-------------------------+-------+-------+-------+-------++-------
Melee: Unarmed           |    81 |   133 |   131 |   122 ||   467
       Constrict         |    23 |     2 |     8 |     2 ||    35
       Tentacles         |    12 |     3 |     7 |     6 ||    28
       Kick              |    11 |     1 |    14 |     3 ||    29
       Punch             |     3 |     1 |     3 |       ||     7
       War axe           |       |       |    46 |    14 ||    60
 Fire: Hunting sling     |       |    21 |       |       ||    21
 Cast: Beastly Appendage |    26 |     6 |    17 |     4 ||    53
       Spider Form       |     3 |    26 |    14 |     8 ||    51
       Ice Form          |       |       |     3 |     9 ||    12
Evoke: Wand              |       |       |     1 |       ||     1
  Use: Scroll            |       |       |     8 |     1 ||     9
       Potion            |       |       |       |     2 ||     2
 Stab: Sleeping          |     8 |     5 |     3 |     1 ||    17
       Distracted        |       |       |       |     1 ||     1
Armor: Skin              |    14 |    13 |    16 |    14 ||    57
Dodge: Dodged            |    45 |   122 |   112 |    68 ||   347
Block: Other             |       |       |    16 |    17 ||    33

Table legend: (Time is in decaauts)
 A = Elapsed time spent in this place.
 B = Non-inter-level travel time spent in this place.
 C = Inter-level travel time spent in this place.
 D = Time resting spent in this place.
 E = Time spent auto-exploring this place.
 F = Levels seen in this place.
 G = Mean time per level.
                   A        B        C        D        E       F      G
               +--------+--------+--------+--------+--------+-----+--------+
         Total |  12523 |  11280 |   1243 |   4200 |   3975 |  11 | 1138.5 |
       Dungeon |  11742 |  10522 |   1220 |   4200 |   3841 |   8 | 1467.8 |
        Temple |    216 |    193 |     23 |      0 |    134 |   1 |  216.0 |
          Lair |     52 |     52 |      0 |      0 |      0 |   1 |   52.0 |
      Gauntlet |    511 |    511 |      0 |      0 |      0 |   1 |  511.0 |
               +--------+--------+--------+--------+--------+-----+--------+

Top non-repeatable levels by time:
     D:7: 2377 daAuts
     D:2: 1969 daAuts
     D:4: 1564 daAuts
     D:1: 1522 daAuts
     D:5: 1345 daAuts
     D:8: 1197 daAuts
     D:3: 934 daAuts
     D:6: 831 daAuts
Gauntlet: 511 daAuts
  Temple: 216 daAuts
  Lair:1: 52 daAuts
